 Dungeon Crawl Stone Soup version 0.30.1-1-g62c8e00024 (webtiles) character file.

Game seed: 12656058988857837569

236 Pepete the Magician (level 5, -2/21 HPs)
             Began as a Felid Conjurer on July 15, 2023.
             Killed by nerve-wracking pain
             ... invoked by an orc priest
              (10 damage)
             ... on level 4 of the Dungeon.
             The game lasted 00:05:21 (4864 turns).

Pepete the Magician (Felid Conjurer)                Turns: 4864, Time: 00:05:22

Health: -2/21      AC:  1    Str:  3    XL:     5   Next: 77%
Magic:  16/23      EV: 17    Int: 22    God:
Gold:   160        SH:  0    Dex: 14    Spells: 11/16 levels left
                                        Lives:  0   Deaths: 1

rFire   . . .        (weapon unavailable)
rCold   . . .        (shield unavailable)
rNeg    . . .        (body armour unavailable)
rPois   .            (helmet unavailable)
rElec   .            (cloak unavailable)
rCorr   .            (gloves unavailable)
SInv    +            (boots unavailable)
Will    .....        (no amulet)
Stlth   ++           c - ring of magical power
HPRegen 0.23/turn    (no ring)
MPRegen 0.18/turn

%: no passive effects
@: very slightly contaminated, quick
A: very small, claws 1, fangs 3, see invisible, speed 1, shaggy fur 1, stealthy
paws, no weapons or thrown items, no armour, multi-lived
a: no special abilities


You were on level 4 of the Dungeon.
You visited 1 branch of the dungeon, and saw 4 of its levels.

You collected 160 gold pieces.

Inventory:

Jewellery
 c - a ring of magical power (left paw)
Wands
 i - a wand of mindburst (14)
 m - a wand of polymorph (3)
Scrolls
 b - a scroll of vulnerability
 e - a scroll of amnesia {unknown}
 l - 2 scrolls of magic mapping
Potions
 a - a potion of cancellation
 d - 3 potions of curing {unknown}
 f - a potion of brilliance
 j - a potion of heal wounds {unknown}
 n - 2 potions of attraction {unknown}
 o - a potion of degeneration


   Skills:
 - Level 2.6 Dodging
 - Level 2.6 Stealth
 * Level 6.2 Spellcasting
 - Level 3.6 Conjurations


You had 11 spell levels left.
You knew the following spells:

 Your Spells              Type           Power      Damage    Failure   Level
a - Magic Dart            Conj           88%        1d7       1%          1
b - Fulminant Prism       Conj/Hex       7%         3d7       38%         4

Your spell library contained the following spells:

 Spells                   Type           Power      Damage    Failure   Level
 Searing Ray              Conj           44%        2d6       3%          2
 Dazzling Flash           Conj/Hex       28%        N/A       13%         3
 Lesser Beckoning         Tloc           12%        N/A       14%         2
 Call Canine Familiar     Summ           6%         N/A       26%         3
 Gell's Gravitas          Tloc           6%         N/A       26%         3
 Teleport Other           Tloc           6%         N/A       26%         3
 Iskenderun's Mystic Bla  Conj/Tloc      14%        2d5       38%         4
 Leda's Liquefaction      Hex/Erth       3%         N/A       65%         4
 Portal Projectile        Hex/Tloc       Unusable   N/A       N/A         3

Dungeon Overview and Level Annotations

Branches:
Dungeon (4/15)
 Temple: D:4-7

Altars:


Innate Abilities, Weirdness & Mutations

You have sharp claws.
You have razor-sharp teeth.
You have supernaturally acute eyesight. (SInv)
You cover ground quickly. (Speed+)
You are covered in fur. (AC +1)
Your paws help you pounce on unaware monsters.
You are incapable of wielding weapons or throwing items.
You cannot wear armour.
You gain extra lives every three experience levels.


Message History

You can't see any susceptible monsters within range! (Use Z to cast anyway.)
You can't see any susceptible monsters within range! (Use Z to cast anyway.) Unknown command.
Your magical contamination has completely faded away.
An orc priest comes into view. It is wielding a +0 whip.
The magic dart hits the orc priest.
The orc priest is lightly wounded.
The orc priest shouts!
The magic dart hits the orc priest but does no damage.
The orc priest is lightly wounded.
The magic dart hits the orc priest but does no damage.
The orc priest is lightly wounded.
The magic dart hits the orc priest but does no damage.
The orc priest is lightly wounded.
The orc priest calls down the wrath of Beogh upon you.
Beogh smites you!
You are too injured to fight recklessly!
You are too injured to fight recklessly!
You are too injured to fight recklessly!
You are too injured to fight recklessly!
An orc priest is nearby!
You are too injured to fight recklessly!
Casting: Magic Dart (safe; 1% risk of failure)
Confirm with . or Enter, or press ? or * to list all spells.
Aiming: Magic Dart (safe; 1% risk of failure)
Press: ? - help, Shift-Dir - straight line, f/p - orc priest
Aim: an orc priest, wielding a +0 whip and wearing a +0 scale mail (lightly wounded, 100% to hit)
You miscast Magic Dart.
You are very lightly contaminated with residual magic.
Nothing appears to happen.
Casting: Magic Dart (safe; 1% risk of failure)
Confirm with . or Enter, or press ? or * to list all spells.
Aiming: Magic Dart (safe; 1% risk of failure)
Press: ? - help, Shift-Dir - straight line, f/p - orc priest
Aim: an orc priest, wielding a +0 whip and wearing a +0 scale mail (lightly wounded, 100% to hit)
The magic dart hits the orc priest.
The orc priest is lightly wounded.
The orc priest invokes the aid of Beogh against you.
Pain shoots through your body!
You die...

........##.........####...#######
.#.......÷.........'.........<...
........##.........####...#######
##.....####.......## #.....#
####.## ##.....### #####.# #.#
#.......#### #.# #.# #.#+###....#
#.# #.# #.#...#.##.# #.# #.#
#....@.....## #.#
......≈≈≈≈≈...## #.#
##..≈≈≈≈≈≈##...###.#
#.o≈≈≈#####.##..##.# #)≈≈≈≈
#^##≈≈.##.# ..≈≈≈≈ ..##≈≈≈....#
)≈≈≈≈ .###≈≈≈≈≈.### .#### #
#≈≈≈≈≈≈≈.# #≈≈≈≈≈≈≈.#


You could see an orc priest.

Vanquished Creatures
  A howler monkey (D:4)
  An iguana (D:4)
  A sleepcap (D:4)
  Natasha (thrice) (D:2)
  Robin (D:3)
  5 adders
  2 worms (D:3)
  2 dart slugs
  4 orcs
  3 endoplasms
  6 giant cockroaches
  17 goblins
  7 hobgoblins
  7 jackals
  3 kobolds
  3 quokkas
  4 ball pythons
  10 bats
  3 rats
83 creatures vanquished.

Vanquished Creatures (others)
  An orc wizard (D:4)
1 creature vanquished.

Grand Total: 84 creatures vanquished

Notes
Turn   | Place    | Note
-------+----------+-------------------------------------------
     0 | D:1      | Pepete the Felid Conjurer began the quest for the Orb.
     0 | D:1      | Reached XP level 1. HP: 7/7 MP: 4/4
   826 | D:1      | Reached XP level 2. HP: 11/11 MP: 2/6
  1093 | D:1      | Reached skill level 3 in Spellcasting
  1113 | D:1      | Found a faded altar of an unknown god.
  1607 | D:1      | Reached XP level 3. HP: 14/14 MP: 8/8
  1813 | D:2      | Noticed Natasha
  1819 | D:2      | Killed Natasha
  1824 | D:2      | Noticed Natasha
  1829 | D:2      | Killed Natasha
  1830 | D:2      | Reached skill level 4 in Spellcasting
  1830 | D:2      | Reached XP level 4. HP: 18/18 MP: 10/11
  2078 | D:2      | Noticed Natasha
  2082 | D:2      | Killed Natasha
  2497 | D:2      | Reached XP level 5. HP: 21/21 MP: 13/13
  2699 | D:2      | Learned a level 4 spell: Fulminant Prism
  2763 | D:3      | Reached skill level 5 in Spellcasting
  3163 | D:3      | Noticed Robin
  3211 | D:3      | Slain by a goblin
  3212 | D:3      | Reached XP level 4. HP: 0/18 MP: 20/21
  3490 | D:3      | Killed Robin
  4184 | D:4      | Reached XP level 5. HP: 21/21 MP: 14/14
  4294 | D:4      | Reached skill level 6 in Spellcasting
  4864 | D:4      | Killed from afar by an orc priest

Illustrated notes

Levels and vault maps discovered:
D:1:      lightli_arrival_flooded_house, layout_basic,
          ebering_ecumenical_altar_webs
D:2:      layout_loops_ring, uniq_natasha
D:3:      layout_rooms, serial_corexii_hall, chequers_hall_statues_corner_a,
          corexii_hall_statues_s, chequers_hall_statues_wall_a, uniq_robin
D:4:      layout_loops_corners, grunt_decor_junction, kennysheep_generic_room_11

Skill      XL: |  1  2  3  4  5 |
---------------+----------------+-----
Spellcasting   | 3 4 6 |  6.2
Dodging        | |  2.6
Stealth        | |  2.6
Conjurations   | |  3.6

Action                     |  1- 3 |  4- 6 || total
---------------------------+-------+-------++-------
   Cast: Magic Dart        |    60 |   168 ||   228
    Use: Scroll            |       |     8 ||     8
         Potion            |       |     1 ||     1
 Armour: Skin              |     1 |     4 ||     5
  Dodge: Dodged            |    15 |    46 ||    61
